 Dungeon Crawl Stone Soup version 0.30-a0-1102-g2dbb833546 (webtiles) character file.

Game seed: 11832671602499315610

1140 KristoblXynda the Slasher (level 8, -3/69 HPs)
             Began as a Grey Draconian Gladiator on Apr 17, 2023.
             Killed by divine providence
             ... invoked by an orc priest
              (12 damage)
             ... on level 5 of the Dungeon.
             The game lasted 00:05:12 (4067 turns).

KristoblXynda the Slasher (DrGl)                    Turns: 4067, Time: 00:05:12

Health: -3/69      AC: 17    Str: 22 (24) XL:     8   Next: 14%
Magic:  8/8        EV: 13    Int: 10 (11) God:
Gold:   222        SH:  0    Dex: 10 (12) Spells: 7/7 levels left

rFire   . . .      SeeInvis +    l - +2 great sword of the Ghost {drain, rN+ Str+7}
rCold   . . .      Faith    .    (shield currently unavailable)
rNeg    + . .      Spirit   .    (body armour unavailable)
rPois   +          Reflect  .    b - +1 hat
rElec   .          Rampage  .    (no cloak)
rCorr   +                        i - +0 pair of gloves
Will    .....                    (no boots) Stlth
                                 (no amulet)
HPRegen 0.31/turn                j - +4 ring of protection
MPRegen 0.11/turn                w - ring of the Everdark {rPois rCorr SInv Stlth-}

@: no status effects
A: AC +11, amphibious, unfitting armour, cold-blooded
a: no special abilities


You were on level 5 of the Dungeon.
You visited 1 branch of the dungeon, and saw 5 of its levels.

You collected 222 gold pieces.

Inventory:

Hand Weapons
 l - the +2 great sword of the Ghost (weapon) {drain, rN+ Str+7}
   (You acquired it on level 3 of the Dungeon)

   Str:       It affects your strength (+7).
   rN:        It protects you from negative energy.
Missiles
 c - 2 throwing nets (quivered)
 d - a javelin
Armour
 b - a +1 hat (worn)
 i - a +0 pair of gloves (worn)
 p - a +0 kite shield
Jewellery
 j - a +4 ring of protection (left hand)
 w - the ring of the Everdark (right hand) {rPois rCorr SInv Stlth-}
   (You acquired it on level 3 of the Dungeon)

   [ring of poison resistance]

   rPois:     It protects you from poison.
   SInv:      It lets you see invisible.
   rCorr:     It protects you from acid and corrosion.
   Stlth:     It makes you less stealthy.
Wands
 v - a wand of acid (1)
 y - a wand of polymorph (7)
Scrolls
 f - a scroll of blinking {unknown}
 g - a scroll of teleportation {unknown}
 k - a scroll of enchant weapon
 o - a scroll of identify
 q - a scroll of magic mapping
Potions
 a - 2 potions of degeneration
 e - a potion of cancellation
 m - a potion of brilliance
 n - a potion of heal wounds {unknown}
 r - a potion of ambrosia {unknown}
 s - a potion of attraction {unknown}
 t - a potion of haste {unknown}
 u - a potion of flight {unknown}


   Skills:
 + Level 5.6 Fighting
 * Level 7.4 Long Blades
 - Level 2.0 Throwing
 + Level 5.1 Dodging


You had 7 spell levels left.
You didn't know any spells.
Your spell library contained the following spells:

 Spells                   Type           Power      Damage    Failure   Level
 Inner Flame              Hex/Fire       0%         N/A       75%         3
 Yara's Violent Unravell  Hex/Tmut       0%         3d3       100%        5
 Enfeeble                 Hex            0%         N/A       100%        7


Dungeon Overview and Level Annotations

Branches:
Dungeon (5/15)             Temple (0/1) D:5

Altars:
Ashenzari
Dithmenos
Makhleb
Vehumet
Xom


Innate Abilities, Weirdness & Mutations

Your dull iron-grey scales are very hard. (AC +11)
You are amphibious.
You cannot fit into any form of body armour.
You are cold-blooded and may be slowed by cold attacks.


Message History

The bolt of acid hits the orc warrior!
The orc warrior seems to be corroded for longer.
You kill the orc warrior!
The orc priest calls down the wrath of Beogh upon you.
You struggle to resist.
You have reached level 8!
You feel stronger.
It was a potion of brilliance.
You feel clever all of a sudden. The orc closely misses you.
Unknown command.
You feel better. The orc hits you but does no damage.
It was a potion of degeneration.
There was something very wrong with that liquid.
You feel weakened.
You feel dopey.
You feel clumsy. The orc hits you with a +0 mace.
* * * LOW HITPOINT WARNING * * *
The orc priest calls down the wrath of Beogh upon you.
Beogh smites you!
* * * LOW HITPOINT WARNING * * *
Okay, then.
As you read the scroll labelled DOFIK SEOPRA, it crumbles to dust.
It is a scroll of identify.
q - a scroll of magic mapping The orc hits you but does no damage.
You feel better. The orc hits you but does no damage.
It was a potion of cancellation.
Your magical effects are unravelling.
You feel magically purged.
You feel a little less clever now. The orc hits you but does no damage.
The orc closely misses you.
The orc priest mumbles some strange prayers to Beogh against you.
Pain shoots through your body!
* * * LOW HITPOINT WARNING * * *
You hit the orc priest. You drain the orc priest.
The orc priest is moderately wounded.
The orc completely misses you.
The orc priest calls down the wrath of Beogh upon you.
Beogh smites you!
You die...

#........# #...°.○..#
######..§°.....
#[......§.§☼...
#.....#..○.☼...
#.....##..°.°..
#########.......######.
#...............# #.
#.....@o........# #.
#.....ooo.....### #.
#$....)...^....# #.
#.........####.# #.
#.........# ... #.
...........# .. #.
#########..[ #. ..## #.
..o ..


You could see 2 orc priests and 2 orcs.

Vanquished Creatures
  Grinder (D:3)
  Sigmund (D:3)
  Menkaure (D:5)
  An orc warrior (D:5)
  An ogre (D:5)
  Blork the orc (D:5)
  A howler monkey (D:5)
  A hound (D:4)
  3 iron imps (D:3)
  A sleepcap (D:5)
  Ijyb (D:3)
  An iguana (D:4)
  An orc wizard (D:3)
  4 gnolls (D:4)
  7 adders
  2 ufetubi
  A worm (D:3)
  5 dart slugs
  2 orcs (D:2)
  7 ball pythons
  3 endoplasms
  8 giant cockroaches
  4 goblins
  5 hobgoblins
  4 jackals (D:5)
  2 quokkas (D:2)
  5 bats
  7 frilled lizards
  6 kobolds
  2 rats
89 creatures vanquished.

Vanquished Creatures (others)
  An orc (D:3)
  A butterfly (D:5)
2 creatures vanquished.

Grand Total: 91 creatures vanquished

Notes
Turn   | Place    | Note
-------+----------+-------------------------------------------
     0 | D:1      | KristoblXynda the Draconian Gladiator began the quest for
                  | the Orb.
     0 | D:1      | Reached XP level 1. HP: 17/17 MP: 1/1
   203 | D:1      | Reached XP level 2. HP: 23/25 MP: 2/2
   735 | D:1      | You fall into a shaft and drop 1 floor!
   812 | D:2      | Reached XP level 3. HP: 30/30 MP: 3/3
  1267 | D:2      | Reached XP level 4. HP: 38/38 MP: 4/4
  1478 | D:2      | Reached skill level 4 in Long Blades
  1836 | D:3      | Found a broken altar of Ashenzari.
  1981 | D:3      | Found a shimmering altar of Xom.
  2010 | D:3      | Noticed Sigmund
  2022 | D:3      | Killed Sigmund
  2023 | D:3      | Reached skill level 5 in Long Blades
  2023 | D:3      | Reached XP level 5. HP: 45/46 MP: 5/5
  2023 | D:3      | Reached XP level 6. HP: 51/52 MP: 6/6
  2400 | D:3      | Noticed Ijyb
  2401 | D:3      | Noticed Grinder
  2639 | D:3      | Killed Ijyb
  2793 | D:3      | Killed Grinder
  2794 | D:3      | Reached skill level 6 in Long Blades
  2794 | D:3      | Your scales start taking on a dull iron-grey colour.
  2794 | D:3      | Reached XP level 7. HP: 49/60 MP: 7/7
  2931 | D:3      | Identified 2 scrolls of acquirement
  2931 | D:3      | Acquired the ring of the Everdark {rPois rCorr SInv Stlth-}
  2937 | D:3      | Acquired the +2 great sword of the Ghost {drain, rN+ Str+7}
  2984 | D:3      | Found a burning altar of Makhleb.
  3287 | D:4      | Found a shadowy altar of Dithmenos.
  3514 | D:4      | Reached skill level 5 in Fighting
  3753 | D:5      | Entered Level 5 of the Dungeon
  3763 | D:5      | Noticed Blork the orc
  3772 | D:5      | Killed Blork the orc
  3867 | D:5      | Reached skill level 7 in Long Blades
  3982 | D:5      | Found a staircase to the Ecumenical Temple.
  4008 | D:5      | Found a radiant altar of Vehumet.
  4044 | D:5      | Reached skill level 5 in Dodging
  4048 | D:5      | Noticed Menkaure
  4060 | D:5      | Killed Menkaure
  4061 | D:5      | Reached XP level 8. HP: 8/69 MP: 8/8
  4067 | D:5      | Killed from afar by an orc priest

Illustrated notes

Levels and vault maps discovered:
D:1:      lightli_iron_boxes, layout_loops_ring
D:2:      layout_basic, chequers_garden
D:3:      layout_basic, demons_altar, cheibrodos_ashenzari_chains,
          marbit_many_paths, uniq_grinder, uniq_ijyb, uniq_sigmund
D:4:      layout_loops_cross, kennysheep_mini_moat
D:5:      layout_basic, fiery_altar_vehumet, nicolae_qazlal_eye_of_the_storm,
          nicolae_kikubaaqudgha_miasma_corner, minmay_temple_entry_butterflies,
          portal_sewer_entry_e, uniq_blork_the_orc, uniq_menkaure

Skill      XL: |  1  2  3  4  5  6  7 |
---------------+----------------------+-----
Throwing       | 2 |  2.0
Dodging        | 3 4 5 |  5.1
Fighting       | 3 4 5 |  5.6
Long Blades    | 5 6 7 |  7.4

Action                     |  1- 3 |  4- 6 |  7- 9 || total
---------------------------+-------+-------+-------++-------
  Melee: Long sword        |   129 |   121 |       ||   250
         Tailslap          |     7 |    15 |    10 ||    32
         Punch             |     1 |     2 |       ||     3
         Great sword       |       |       |    71 ||    71
  Throw: Throwing net      |       |     1 |       ||     1
  Evoke: Wand              |       |       |     2 ||     2
    Use: Potion            |       |     1 |     7 ||     8
         Scroll            |       |       |     6 ||     6
   Stab: Sleeping          |     3 |       |       ||     3
         Held in net/web   |       |     2 |       ||     2
 Armour: Skin              |    56 |    47 |    75 ||   178
  Dodge: Dodged            |   109 |    75 |    65 ||   249

Table legend: (Time is in decaauts)
 A = Elapsed time spent in this place.
 B = Non-inter-level travel time spent in this place.
 C = Inter-level travel time spent in this place.
 D = Time resting spent in this place.
 E = Time spent auto-exploring this place.
 F = Levels seen in this place.
 G = Mean time per level.
                   A        B        C        D        E       F      G
               +--------+--------+--------+--------+--------+-----+--------+
         Total |   4144 |   4045 |     99 |    582 |   2711 |   5 |  828.8 |
       Dungeon |   4144 |   4045 |     99 |    582 |   2711 |   5 |  828.8 |
               +--------+--------+--------+--------+--------+-----+--------+

Top non-repeatable levels by time:
     D:2: 1366 daAuts
     D:3: 1066 daAuts
     D:1: 750 daAuts
     D:4: 636 daAuts
     D:5: 325 daAuts
